 Dungeon Crawl Stone Soup version 0.28-a0-1638-g9123634e07 (webtiles) character file.

Game seed: 14101923954465360324

220 hashsling the Ducker (level 5, -1/30 HPs)
             Began as a Deep Elf Gladiator on Jan 26, 2022.
             Slain by a goblin (5 damage)
             ... led by Robin
             ... on level 3 of the Dungeon.
             The game lasted 00:04:39 (4223 turns).

hashsling the Ducker (Deep Elf Gladiator)           Turns: 4223, Time: 00:04:40

Health: -1/30      AC:  5    Str: 11    XL:     5   Next: 64%
Magic:  7/7        EV: 14    Int: 15    God:
Gold:   108        SH:  0    Dex: 16    Spells: 4/4 levels left

rFire   . . .      SeeInvis .   a - +0 quarterstaff
rCold   . . .      Faith    .   (shield currently unavailable)
rNeg    . . .      Spirit   .   b - +0 leather armour
rPois   .          Reflect  .   n - +0 helmet
rElec   .          Harm     .   l - +0 cloak
rCorr   .          Rampage  .   (no gloves)
Will    .....                   (no boots)
Stlth   +.........              (no amulet)
HPRegen 0.10/turn               (no ring)
MPRegen 0.10/turn               (no ring)

@: attractive
A: no striking features
a: no special abilities


You were on level 3 of the Dungeon.
You visited 1 branch of the dungeon, and saw 3 of its levels.

You collected 108 gold pieces.

Inventory:

Hand Weapons
 a - a +0 quarterstaff (weapon)
Missiles
 d - 2 throwing nets (quivered)
Armour
 b - a +0 leather armour (worn)
 l - a +0 cloak (worn)
 n - a +0 helmet (worn)
Scrolls
 e - a scroll of immolation {unknown}
 h - 6 scrolls of identify {unknown}
 i - a scroll of enchant weapon {unknown}
Potions
 f - 2 potions of curing {unknown}
 g - a potion of mutation {unknown}
 j - a potion of attraction
 k - a potion of resistance {unknown}
 m - a potion of berserk rage {unknown}


   Skills:
 - Level 2.0 Fighting
 + Level 4.9 Staves
 - Level 2.0 Throwing
 + Level 5.9 Dodging


You had 4 spell levels left.
You didn't know any spells.
Your spell library was empty.

Dungeon Overview and Level Annotations

Branches:
Dungeon (3/15)

Altars:

Annotations:
D:3 Robin


Message History

You barely miss the goblin. The goblin closely misses you.
The hobgoblin closely misses you. The goblin misses you.
You hit the goblin but do no damage. The goblin hits you with a +0 club.
The goblin closely misses you. The hobgoblin misses you.
You barely miss the goblin. The goblin completely misses you.
Robin of the Strong Arm comes into view.
They are wielding a +0 club.
The hobgoblin hits you. The goblin barely misses you.
Robin is attracted toward you.
You barely miss the goblin. The goblin misses you.
Robin says, "My goblins will feast on your bones."
The hobgoblin closely misses you. The goblin hits you but does no damage.
Robin is attracted toward you.
You barely miss the goblin. The goblin hits you but does no damage.
Robin roars a battlecry!
The goblins go into a battle-frenzy!
The hobgoblin hits you but does no damage.
The goblin hits you with a +0 club.
You sock the goblin!
You kill the goblin!
The goblin hits you with a +0 club.
A goblin comes into view. It is wielding a +0 dagger.
Robin says, "Duck!"
Robin throws the goblin at you! The hobgoblin closely misses you.
The goblin hits you with a +0 club. Robin is attracted toward you.
The goblin is attracted toward you. The goblin hits you with a +0 club.
You miss the goblin. Robin hits you but does no damage.
The goblin hits you with a +0 club.
You hit the goblin but do no damage. Robin throws the goblin at you!
The goblin completely misses you. The goblin closely misses you.
You hit Robin but do no damage. Robin closely misses you.
The goblin closely misses you. The goblin hits you with a +0 club.
* * * LOW HITPOINT WARNING * * *
Unknown command.
The goblin closely misses you. The goblin hits you but does no damage.
Why would you want to do that?
You hit the goblin.
The goblin is severely wounded.
The goblin hits you with a +0 dagger.
You die...

#.# #.########
#........###
#.######†..###
#.####≈≈.[.≈≈###
#.##≈≈≈≈...≈≈≈≈##
≈≈≈≈≈≈##'''##≈≈≈#
≈≈≈≈≈≈#.....#≈≈≈#
≈≈....
#.....#@g.# ≈....
#.....#ggg#
#..)..##'##
#.....#)).#
#.....#...#
#.....#...#
+##(...)##'##
............#
.........§..#


You could see Robin, a hobgoblin (strong) and 2 goblins.

Vanquished Creatures
  An ice beast (D:3)
  A bullfrog skeleton (D:3)
  2 gnolls (D:2)
  An adder (D:2)
  2 worms
  A dart slug (D:2)
  An orc (D:3)
  5 ball pythons
  3 endoplasms
  5 giant cockroaches
  A hobgoblin (D:1)
  3 jackals (D:3)
  5 quokkas
  5 bats
  3 frilled lizards
  13 goblins
  6 kobolds
  7 rats
65 creatures vanquished.

Notes
Turn   | Place    | Note
-------+----------+-------------------------------------------
     0 | D:1      | hashsling the Deep Elf Gladiator began the quest for the
                  | Orb.
     0 | D:1      | Reached XP level 1. HP: 12/12 MP: 3/3
   223 | D:1      | Reached XP level 2. HP: 17/17 MP: 4/4
   648 | D:1      | Reached skill level 4 in Dodging
  1501 | D:2      | Reached XP level 3. HP: 7/21 MP: 5/5
  2666 | D:3      | Reached skill level 5 in Dodging
  2666 | D:3      | Reached XP level 4. HP: 5/26 MP: 6/6
  2710 | D:3      | HP: 1/26 [orc priest/divine providence (8)]
  3738 | D:3      | Noticed an ice beast
  3754 | D:3      | Killed an ice beast
  3755 | D:3      | Reached XP level 5. HP: 15/30 MP: 7/7
  4214 | D:3      | Noticed Robin
  4223 | D:3      | Slain by a goblin

Illustrated notes

Levels and vault maps discovered:
D:1:      lightli_molten_gateway, layout_loops_ring
D:2:      layout_loops_cross
D:3:      kennysheep_goblin_castle, layout_loops_ring, okawaru_metal_pillars_1_2

Skill      XL: |  1  2  3 |
---------------+----------+-----
Fighting       | 2 |  2.0
Dodging        | 4 5 |  5.9
Staves         | 4 |  4.9
Throwing       | |  2.0

Action                   |  1- 3 |  4- 6 || total
-------------------------+-------+-------++-------
Melee: Quarterstaff      |   127 |    75 ||   202
Throw: Throwing net      |       |     2 ||     2
  Use: Potion            |       |     1 ||     1
 Stab: Sleeping          |     3 |       ||     3
       Held in net/web   |       |     1 ||     1
Armor: Leather armour    |    36 |    23 ||    59
Dodge: Dodged            |    99 |    65 ||   164

Table legend: (Time is in decaauts)
 A = Elapsed time spent in this place.
 B = Non-inter-level travel time spent in this place.
 C = Inter-level travel time spent in this place.
 D = Time resting spent in this place.
 E = Time spent auto-exploring this place.
 F = Levels seen in this place.
 G = Mean time per level.
                   A        B        C        D        E       F      G
               +--------+--------+--------+--------+--------+-----+--------+
         Total |   4249 |   4184 |     65 |    677 |   2950 |   3 | 1416.3 |
       Dungeon |   4249 |   4184 |     65 |    677 |   2950 |   3 | 1416.3 |
               +--------+--------+--------+--------+--------+-----+--------+

Top non-repeatable levels by time:
     D:2: 1955 daAuts
     D:1: 1439 daAuts
     D:3: 854 daAuts
